Map: Abyssal Reef LE

Players

Yata

  • Race: Zerg Zerg
  • League: Platinum
  • Spawn Location: 11:00

UnknownXD - Winner!

  • Race: Terran Terran
  • League: Diamond
  • Spawn Location: 5:00

VOD

Have the link to the VOD?

Description

Time

  • Played on: Sept. 27, 2017, 2:55 p.m.
  • Length: 14:30
Show
View Real Time Build Order
Export as new Build Order

Yata Zerg 

Build Orders: Hatch First 

Get SALT Encoding   

  12  0:01  Drone  
  13  0:13  Overlord  
  13  0:25  Drone  
  14  0:32  Drone x2  
  16  0:36  Drone  
  17  0:57  Hatchery, Drone  
  17  1:05  Drone  
  17  1:11  Extractor  
  17  1:20  Spawning Pool  
  16  1:30  Drone  
  16  1:31  Drone x2  
  19  1:43  Overlord  
  19  1:54  Drone  
  20  2:07  Queen  
  22  2:09  Queen  
  22  2:10  Zergling x4  
  26  2:18  Drone  
  26  2:22  Metabolic Boost  
  27  2:30  Drone x2  
  27  2:32  Drone  
  30  2:39  Zergling x2  
  31  2:55  Zergling x4  
  31  2:56  Zergling x2  
  34  3:04  Zergling x4  
  36  3:20  Evolution Chamber  
  36  3:22  Drone x2, Baneling Nest  
  33  3:42  Drone x2  
  34  3:56  Drone  
  34  3:58  Overlord x3  
  35  4:20  Drone x4  
  35  4:21  Drone x2  
  41  4:35  Hatchery  
  40  4:42  Zergling x6  
  40  4:43  Zergling x6  
  46  4:46  Zerg Melee Weapons Level 1  
  46  4:47  Lair  
  46  4:48  Extractor  
  41  5:25  Queen  
  43  5:32  Drone x3, Evolution Chamber  
  43  5:34  Drone x4  
  49  5:45  Baneling x5  
  49  5:49  Drone x7  
  58  5:50  Drone x2  
  58  5:51  Overlord x2  
  58  5:52  Overlord x2  
  58  6:03  Zerg Missile Weapons Level 1  
  58  6:09  Hydralisk Den, Queen  
  59  6:16  Drone x2  
  59  6:17  Drone x10  
  71  6:24  Zergling x2  
  72  6:29  Hatchery  
  71  6:41  Zergling x10  
  71  6:42  Zergling x2  
  71  6:45  Zerg Melee Weapons Level 2  
  77  6:53  Drone x3  
  77  6:54  Overlord x3, Extractor  
  79  7:04  Zergling x2  
  79  7:05  Zergling x6  
  82  7:13  Zergling x6  
  85  7:22  Zergling x2  
  85  7:23  Zergling x8  
  86  7:30  Zergling x2  
  81  7:40  Zergling x2  
  81  7:41  Zergling x16  
  84  8:12  Drone x5  
  89  8:14  Zerg Missile Weapons Level 2  
  89  8:16  Muscular Augments  
  89  8:25  Zergling x28  
  89  8:26  Zergling x2  
  104  8:35  Queen  
  104  8:36  Queen  
  104  8:37  Queen  
  104  8:40  Hydralisk  
  104  8:41  Hydralisk x3  
  112  8:44  Baneling  
  112  8:45  Infestation Pit, Baneling x6  
  117  8:53  Drone x2  
  117  8:54  Overlord x4  
  117  8:55  Extractor  
  114  9:11  Queen  
  115  9:21  Hydralisk x7  
  121  9:40  Hydralisk x3  
  121  9:43  Zergling x2  
  121  9:44  Zergling x18  
  137  9:54  Drone  
  138  10:02  Hive  
  138  10:08  Extractor, Drone x3  
  138  10:10  Extractor, Drone x2  
  138  10:11  Drone  
  142  10:17  Zergling x2  
  142  10:18  Zergling x12  
  149  10:22  Zerg Ground Armor Level 1  
  149  10:24  Hatchery  
  148  10:34  Centrifical Hooks  
  148  10:37  Pathogen Glands  
  144  10:56  Hydralisk  
  143  10:59  Overlord x6  
  143  11:00  Overlord x3  
  143  11:28  Hydralisk  
  143  11:29  Hydralisk x15  
  143  11:32  Zergling x2  
  176  11:33  Zergling x16  
  184  11:42  Zerg Missile Weapons Level 3  
  184  11:52  Burrow  
  158  12:04  Zergling x22  
  141  12:10  Zergling x6  
  118  12:27  Hydralisk  
  118  12:28  Hydralisk x6  
  109  12:36  Hydralisk  
  109  12:37  Hydralisk x2  
  94  12:57  Zergling x2  
  94  12:58  Zergling x8  
  99  13:08  Zergling x6  
  99  13:12  Zergling x8  
  104  13:20  Hydralisk x4  
  104  13:21  Hydralisk x4  
  104  13:26  Queen  
  122  13:33  Hydralisk x4  
  112  13:44  Zergling x2  
  112  13:45  Zergling x6  
  102  13:53  Zergling x14  
  98  14:09  Zergling x14  
Show
View Real Time Build Order
Export as new Build Order

UnknownXD Terran - Winner!

Build Orders:  

Get SALT Encoding   

  12  0:02  SCV  
  13  0:14  SCV  
  14  0:23  Supply Depot  
  14  0:26  SCV  
  15  0:45  SCV  
  15  0:46  Barracks  
  16  0:57  SCV  
  17  1:09  SCV  
  18  1:21  SCV  
  18  1:24  Command Center  
  19  1:33  SCV  
  21  1:47  Marine  
  21  1:59  Command Center  
  21  2:06  Marine  
  22  2:10  Refinery  
  22  2:15  Refinery  
  22  2:16  SCV  
  23  2:35  Orbital Command  
  23  2:36  Marine  
  24  2:47  Engineering Bay  
  24  2:48  SCV  
  25  2:54  Marine  
  25  3:06  SCV  
  25  3:07  SCV  
  25  3:10  Bunker  
  25  3:11  Marine  
  28  3:21  Planetary Fortress  
  28  3:29  Marine  
  28  3:36  SCV  
  28  3:38  Orbital Command  
  29  3:47  Factory  
  29  3:48  SCV  
  30  3:59  Marine  
  31  4:03  SCV  
  31  4:06  SCV x2  
  34  4:15  SCV  
  35  4:18  SCV  
  36  4:25  Barracks  
  36  4:27  SCV  
  36  4:28  SCV  
  38  4:38  SCV  
  38  4:39  Factory Reactor  
  38  4:41  Supply Depot, SCV  
  38  4:42  SCV  
  38  4:44  Barracks Tech Lab  
  41  4:47  Missile Turret  
  41  4:50  SCV  
  42  4:53  Terran Infantry Weapons Level 1, SCV, Missile Turret  
  40  5:09  Marauder  
  40  5:13  Supply Depot  
  42  5:16  Barracks Reactor  
  42  5:21  Starport  
  42  5:27  SCV x2, Hellion x2  
  48  5:29  SCV  
  48  5:30  Marine  
  48  5:34  Refinery  
  50  5:37  Refinery  
  50  5:39  SCV  
  51  5:44  Stimpack  
  51  5:46  Missile Turret  
  51  5:48  Marauder  
  55  5:50  Hellion x2  
  57  5:58  SCV x2  
  57  5:59  Barracks  
  57  6:00  SCV  
  60  6:09  Medivac  
  60  6:10  SCV x2  
  64  6:21  Marine, Hellion x2  
  69  6:28  Refinery  
  69  6:31  Supply Depot  
  69  6:32  Supply Depot  
  69  6:35  Supply Depot  
  69  6:41  Starport Reactor  
  69  6:47  Barracks Tech Lab  
  69  6:49  Barracks  
  69  6:50  Terran Infantry Armor Level 1  
  69  6:52  Marine  
  70  6:54  SCV  
  70  6:59  Missile Turret  
  50  7:45  SCV  
  51  8:04  SCV  
  51  8:05  SCV  
  53  8:06  SCV  
  53  8:09  Armory  
  53  8:12  Factory  
  54  8:14  Factory  
  54  8:16  Marine x2  
  54  8:17  SCV, Marauder  
  59  8:20  Barracks Reactor  
  59  8:22  Barracks Tech Lab  
  59  8:26  Command Center  
  59  8:29  Marauder  
  59  8:32  SCV  
  59  8:33  Refinery  
  62  8:34  Marine  
  62  8:36  Engineering Bay  
  62  8:38  Marauder  
  62  8:39  Engineering Bay  
  62  8:40  Command Center  
  65  8:41  SCV  
  65  8:43  SCV  
  65  8:44  Building Armor  
  65  8:46  SCV  
  68  8:52  Command Center  
  68  8:53  Widow Mine x2  
  68  8:54  SCV  
  73  8:55  SCV  
  73  8:56  Factory Tech Lab  
  73  8:58  Terran Vehicle Weapons Level 1, Factory Tech Lab, SCV  
  75  9:06  SCV  
  75  9:07  SCV  
  76  9:10  SCV  
  76  9:16  Command Center  
  77  9:20  SCV  
  77  9:22  SCV  
  78  9:29  Infernal Pre-Igniter  
  78  9:33  Siege Tank x2  
  78  9:35  Hellion  
  78  9:36  Hellion  
  88  9:40  Marine, Marauder x2  
  93  9:51  Marine, Marauder  
  96  9:56  Hellion, Orbital Command  
  96  9:58  Marine, Hellion  
  101  10:00  Medivac  
  101  10:01  Medivac, Marine  
  101  10:02  Marauder  
  108  10:09  Supply Depot  
  108  10:10  Supply Depot  
  108  10:12  Supply Depot, Siege Tank x2, SCV  
  115  10:14  Supply Depot  
  115  10:17  Hellion  
  115  10:18  SCV  
  118  10:23  SCV  
  118  10:25  Terran Infantry Weapons Level 2, Marine, Marauder  
  118  10:27  Terran Infantry Armor Level 2  
  122  10:33  SCV, Hellion  
  122  10:35  Supply Depot  
  125  10:37  Missile Turret  
  125  10:38  Orbital Command  
  125  10:39  Hellion  
  125  10:40  Planetary Fortress  
  127  10:43  Missile Turret  
  127  10:44  Siege Tank x2  
  127  10:46  SCV x2  
  135  11:01  Marine x2  
  135  11:02  Marine x3  
  144  11:04  Hellion x2  
  144  11:07  SCV x2  
  146  11:16  SCV x2, Siege Tank x2  
  154  11:19  SCV, Marine x3, Missile Turret  
  162  11:25  Hellion x2  
  162  11:35  SCV x2  
  164  11:42  Missile Turret x2  
  164  11:43  Missile Turret  
  164  11:44  Missile Turret  
  164  11:54  Missile Turret x2  
  142  12:17  Missile Turret  
  123  12:36  Marine x3  
  121  12:37  Marauder x2  
  121  12:39  Bunker  
  121  12:41  Bunker  
  116  12:53  Marine  
  116  12:55  Marauder  
  116  12:56  Marine  
  116  12:57  Hellion  
  116  12:58  Marauder x2, Hellion x3  
  132  13:02  SCV x2  
  134  13:11  Marine  
  134  13:13  Marine  
  134  13:16  Marauder  
  134  13:17  Missile Turret  
  134  13:19  Marauder, Hellion x4  
  149  13:20  Sensor Tower, Marauder  
  149  13:29  Marine  
  150  13:40  Hellion  
  150  13:41  Hellion x3  
  142  13:55  Marine  
  142  14:02  Hellion x4  
  145  14:05  Marine  
  145  14:06  Marine, Marauder x2  
Tags
 
Matchup
TvZ
Replay Pack
Pack 1
Spawn Locations
Cross Positions
Add a new tag
Caveats
  • Supply blocks, unpowered buildings, or Contaminate may cause inaccurate times.
  • Supply counts are checked every 10 seconds.